 Dungeon Crawl Stone Soup version 0.30.0-13-g156ef70053 (webtiles) character file.

Game seed: 18156696185539063241

4060 HeliumTrimp the Thaumaturge (level 10, -7/68 HPs)
             Began as a Djinni Fire Elementalist on May 17, 2023.
             Was a Priest of Makhleb.
             Mangled by a two-headed ogre
             ... wielding a +0 giant club
              (17 damage)
             ... on level 9 of the Dungeon.
             The game lasted 00:20:49 (7956 turns).

HeliumTrimp the Thaumaturge (DjFE)                  Turns: 7956, Time: 00:20:51

Health: -7/68      AC:  7    Str: 11    XL:     10   Next: 49%
Gold:   972        EV: 18    Int: 19    God:    Makhleb [***...] SH:  0 Dex: 20

rFire   + + .        F - +4 halberd
rCold   x . .        (shield currently unavailable)
rNeg    + . .        u - +1 robe {rN+}
rPois   ∞            e - +2 helmet {SInv}
rElec   .            q - scarf {+Inv}
rCorr   .            D - +0 pair of gloves
SInv    +            (boots unavailable)
Will    ++...        (no amulet)
Stlth   ++           h - +6 ring of dexterity
HPRegen 1.11/turn    v - +5 ring of evasion
MPRegen 0.00/turn

%: infuse magic (-8 HP)
@: flying, studying Spellcasting
A: sickness immunity, fire resistance 2, cold vulnerability 1, float, innate
caster, HP casting, extra vitality 1, strong-willed 1, regeneration 1, strong 1
a: Renounce Religion, Evoke Invisibility, Minor Destruction, Lesser Servant of
Makhleb


You were on level 9 of the Dungeon.
You worshipped Makhleb.
Makhleb was most pleased with you.
You visited 1 branch of the dungeon, and saw 9 of its levels.

You collected 1208 gold pieces.
You spent 236 gold pieces at shops.

Inventory:

Hand Weapons
 F - a +4 halberd (weapon)
Armour
 c - a +0 buckler
 e - a +2 helmet of see invisible (worn)
 q - a scarf of invisibility (worn)
 u - a +1 robe of positive energy (worn)
 D - a +0 pair of gloves (worn)
Magical Staves
 a - the staff of death "Juoth" {rN+ Int+3}
   (You acquired it on level 6 of the Dungeon)

   [staff of death]

   Your inability to study Necromancy prevents you from drawing on the full
   power of this staff in melee.
   Base accuracy: +5 Base damage: 5 Base attack delay: 1.2 This weapon's minimum
   attack delay (0.6) is reached at skill level 12.
   Int:       It affects your intelligence (+3).
   rN:        It protects you from negative energy.
   It falls into the 'Staves' category.
   It is a one-handed weapon.
 d - a staff of earth
Jewellery
 h - a +6 ring of dexterity (left hand)
 l - a +6 ring of dexterity
 v - a +5 ring of evasion (right hand)
 y - a +6 ring of dexterity
Wands
 p - a wand of charming (10)
 r - a wand of flame (9)
Scrolls
 g - 7 scrolls of teleportation
 k - a scroll of identify
 m - 4 scrolls of magic mapping
 n - 3 scrolls of enchant weapon
 o - a scroll of fog
 s - 2 scrolls of enchant armour
Potions
 b - 3 potions of mutation
 f - a potion of brilliance {unknown}
 i - 6 potions of curing
 j - 2 potions of resistance
 z - a potion of heal wounds
 A - a potion of haste
 B - a potion of might {unknown}
 C - 2 potions of invisibility
 G - a potion of attraction


   Skills:
 + Level 4.2 Fighting
 - Level 2.1 Dodging
 - Level 1.5 Stealth
 - Level 11.7 Spellcasting
 * Level 1.4 Evocations


You knew the following spells:

 Your Spells              Type           Power      Damage    Failure   Level
a - Foxfire               Conj/Fire      100%       2x1d9     1%          1
b - Scorch                Fire           100%       2d9       1%          2
c - Volatile Blastmotes   Fire/Tloc      100%       2d18      1%          3
d - Inner Flame           Hex/Fire       53%        N/A       1%          3
e - Flame Wave            Conj/Fire      53%        2d13      1%          4
f - Shock                 Conj/Air       100%       1d9       1%          1
g - Lesser Beckoning      Tloc           100%       N/A       1%          2
h - Frozen Ramparts       Ice            100%       1d16      1%          3
i - Iskenderun's Mystic   Conj/Tloc      53%        2d11      1%          4
Your spell library was empty.

Dungeon Overview and Level Annotations

Branches:
Dungeon (9/15)             Temple (0/1) D:7
   Lair: D:8-11         Orc: D:9-12

Altars:
Makhleb
Wu Jian

Shops:
D:1 [   D:2 [   D:4 (   D:7 *

Annotations:
D:8 2 transporters


Innate Abilities, Weirdness & Mutations

You are immune to sickness and miasma.
You are immune to poison.
Your flesh is very heat resistant. (rF++)
You are vulnerable to cold. (rC-)
You float through the air rather than walking.
You learn spells naturally, not from books.
Your magical power is your life essence.
You have superior vitality. (+4 MHP)
You are strong-willed. (Will+)
Your natural rate of healing is unusually fast.
Your muscles are strong. (Str +4, Int/Dex -1)


Message History

A two-headed ogre comes into view.
It is wielding a +0 giant club and a +0 dire flail.
Casting: Iskenderun's Mystic Blast (dangerous; 1% risk of failure)
Confirm with . or Enter, or press ? or * to list all spells.
A cloud of volatile blastmotes flares up around you!
The cloud of blastmotes explodes!
The concussive blast engulfs the two-headed ogre!
The two-headed ogre is lightly wounded.
The concussive blast engulfs you. You resist.
You are knocked back by the blast.
Casting: Volatile Blastmotes (safe; 1% risk of failure)
Confirm with . or Enter, or press ? or * to list all spells.
Flames lash the two-headed ogre.
The two-headed ogre is moderately wounded.
The two-headed ogre's fire resistance burns away.
Casting: Scorch (safe; 1% risk of failure)
Confirm with . or Enter, or press ? or * to list all spells.
Flames lash the two-headed ogre.
The two-headed ogre is burned terribly!
The two-headed ogre is moderately wounded.
A shadow comes into view.
The two-headed ogre closely misses you.
The two-headed ogre hits you with a +0 dire flail!
The two-headed ogre attacks as you move away!
The two-headed ogre hits you with a +0 giant club!!
The two-headed ogre hits you with a +0 dire flail!
* * * LOW HITPOINT WARNING * * *
Casting: Scorch (safe; 1% risk of failure)
Confirm with . or Enter, or press ? or * to list all spells.
Flames lash the two-headed ogre.
The two-headed ogre is burned terribly!
The two-headed ogre is severely wounded.
* * * LOW HITPOINT WARNING * * *
The shadow slips into darkness.
The shadow flickers and vanishes for a moment.
Casting: Scorch (safe; 1% risk of failure)
Confirm with . or Enter, or press ? or * to list all spells.
Flames lash the two-headed ogre.
The two-headed ogre is burned terribly!
The two-headed ogre is almost dead.
* * * LOW HITPOINT WARNING * * *
The two-headed ogre misses you.
The two-headed ogre hits you with a +0 dire flail!
You die...

## ##.. # ##. ... .
..#.. # ... #W# #.#
#.# #########O#
........@.#
####.##>###
###.##.######## ###
#..............
###..
.....##.########
#.... .#.# #>#
#########.### #
#.#####.........# #
#.....<.#######.###
######### #....


You could see a two-headed ogre (combustible) and a shadow (invisible).

Vanquished Creatures
  Pikel (D:5)
  3 yaks (D:7)
  Duvessa (D:5)
  A water moccasin (D:7)
  An ice beast (D:8)
  A sky beast (D:6)
  2 black bears
  2 ogres
  A centaur (D:5)
  4 phantoms
  A kobold brigand (D:6)
  A lemure (D:6)
  2 bullfrogs
  3 gnoll sergeants
  A wyvern skeleton (D:6)
  2 scorpions (D:6)
  Dowan (D:5)
  6 killer bees (D:7)
  2 howler monkeys (D:9)
  2 bullfrog zombies (D:6)
  A centaur zombie (D:6)
  A bullfrog skeleton (D:6)
  2 hounds
  3 jellies
  2 gnoll boudas
  4 orc priests
  A centaur skeleton (D:6)
  Ijyb (D:3)
  2 iguanas (D:6)
  4 orc wizards
  A sleepcap (D:5)
  A howler monkey zombie (D:6)
  7 adders
  19 gnolls
  A howler monkey skeleton (D:6)
  3 shadow imps
  A white imp (D:6)
  2 ufetubi
  4 dart slugs
  2 worms
  21 orcs
  8 endoplasms
  3 giant cockroaches
  4 goblins
  5 hobgoblins
  11 jackals
  5 quokkas
  6 ball pythons
  5 bats
  6 frilled lizards
  11 kobolds
  4 rats
189 creatures vanquished.

Vanquished Creatures (others)
  416 foxfires
416 creatures vanquished.

Grand Total: 605 creatures vanquished

Notes
Turn   | Place    | Note
-------+----------+-------------------------------------------
     0 | D:1      | HeliumTrimp the Djinni Fire Elementalist began the quest
                  | for the Orb.
     0 | D:1      | HeliumTrimp set off with the following spells memorised:
                  | Foxfire, Scorch, Volatile Blastmotes, Inner Flame, Flame
                  | Wave.
     0 | D:1      | Reached XP level 1. HP: 15/15 MP: 0/0
   395 | D:1      | Reached XP level 2. HP: 19/21 MP: 0/0
   413 | D:1      | Found Rixzi's Armour Shop.
   484 | D:1      | Reached skill level 3 in Spellcasting
   620 | D:1      | Reached XP level 3. HP: 22/25 MP: 0/0
   620 | D:1      | Learned a level 1 spell: Shock
   934 | D:2      | Found a faded altar of an unknown god.
  1201 | D:2      | Reached XP level 4. HP: 12/31 MP: 0/0
  1396 | D:2      | Found Hixues's Armour Boutique.
  2084 | D:3      | Noticed Ijyb
  2096 | D:3      | Killed Ijyb
  2097 | D:3      | Reached skill level 4 in Spellcasting
  2097 | D:3      | Reached XP level 5. HP: 9/35 MP: 0/0
  2097 | D:3      | Learned a level 2 spell: Lesser Beckoning
  2790 | D:4      | Found Potatuow's Antique Weapon Shoppe.
  2903 | D:4      | Found a burning altar of Makhleb.
  2935 | D:4      | Noticed a black bear
  2943 | D:4      | Killed a black bear
  2944 | D:4      | Reached skill level 5 in Spellcasting
  2944 | D:4      | Reached XP level 6. HP: 38/40 MP: 0/0
  2972 | D:4      | Became a worshipper of Makhleb the Destroyer
  3003 | D:4      | Identified the +0 chain mail "Iclout" {rF+}
  3477 | D:5      | Entered Level 5 of the Dungeon
  3615 | D:5      | Noticed an ogre
  3616 | D:5      | Reached XP level 7. HP: 29/45 MP: 0/0
  3616 | D:5      | Learned a level 3 spell: Frozen Ramparts
  3621 | D:5      | Reached skill level 6 in Spellcasting
  4129 | D:5      | Noticed Dowan
  4131 | D:5      | Noticed Duvessa
  4143 | D:5      | Killed Duvessa
  4144 | D:5      | Reached XP level 8. HP: 30/50 MP: 0/0
  4148 | D:5      | Killed Dowan
  4149 | D:5      | Reached skill level 7 in Spellcasting
  4393 | D:5      | Reached * piety under Makhleb
  4624 | D:2      | Bought a +2 helmet of see invisible for 236 gold pieces
  4742 | D:6      | Noticed Pikel
  4752 | D:5      | Killed Pikel
  4753 | D:5      | Reached skill level 8 in Spellcasting
  4753 | D:5      | Reached XP level 9. HP: 15/55 MP: 0/0
  4753 | D:5      | Learned a level 4 spell: Iskenderun's Mystic Blast
  5056 | D:6      | Found an ornate altar of the Wu Jian Council.
  5265 | D:6      | Reached skill level 9 in Spellcasting
  5299 | D:6      | Identified the +3 rapier "Karoic" {flame, rPois Will++
                  | Int-3 SInv}
  5515 | D:6      | Reached ** piety under Makhleb
  5537 | D:6      | Reached skill level 10 in Spellcasting
  5775 | D:6      | Reached skill level 1 in Fighting
  6001 | D:6      | Identified 3 scrolls of acquirement
  6001 | D:6      | Acquired a manual of Spellcasting
  6027 | D:6      | Acquired the staff of death "Juoth" {rN+ Int+3}
  6029 | D:6      | Acquired 759 gold pieces
  6361 | D:7      | Reached XP level 10. HP: 43/64 MP: 0/0
  6521 | D:7      | Gained mutation: You are strong-willed. (Will+) [potion of
                  | mutation]
  6521 | D:7      | Gained mutation: Your muscles are strong. (Str +4, Int/Dex
                  | -1) [potion of mutation]
  6521 | D:7      | Gained mutation: Your natural rate of healing is unusually
                  | fast. [potion of mutation]
  6679 | D:7      | Found a staircase to the Ecumenical Temple.
  6970 | D:7      | Found Asyer's Assorted Antiques.
  6992 | D:7      | Reached skill level 11 in Spellcasting
  7179 | D:8      | Reached *** piety under Makhleb
  7230 | D:8      | Found a transporter.
  7600 | D:8      | Found a transporter.
  7832 | D:9      | Reached skill level 1 in Evocations
  7949 | D:9      | Noticed a two-headed ogre
  7956 | D:9      | Mangled by a two-headed ogre

Illustrated notes

Levels and vault maps discovered:
D:1:      dpeg_arrival_tiny_d, layout_loops_ring, serial_shops,
          nicolae_shop_stone, glass_columns_b
D:2:      layout_basic, serial_shops, nicolae_shop_real_fake_doors,
          shapermc_ecumenical_altar_totnotflames, hex_large
D:3:      layout_loops_ring, uniq_ijyb
D:4:      layout_loops_cross, makhleb_heckhound_becter, serial_shops,
          nicolae_stop_n_shop_1
D:5:      layout_cave_pods, uniq_duvessa
D:6:      layout_loops_ring, mainiacjoe_overflow_alcove_4, serial_undead,
          serial_undead_c, serial_undead_f, serial_undead_b, serial_undead_a,
          serial_undead_b, serial_undead_d, minmay_chambers_of_fives, uniq_pikel
D:7:      layout_layer_cave, temple_fountains, serial_shops,
          nicolae_shop_tiny_glass
D:8:      layout_rooms, nicolae_diode_stairs
D:9:      layout_loops_ring

Skill      XL: |  1  2  3  4  5  6  7  8  9 10 |
---------------+-------------------------------+-----
Spellcasting   | 3 4 5 6 8 10 11 | 11.7
Fighting       | 2 4 |  4.2
Evocations     | 1 |  1.4
Dodging        | |  2.1
Stealth        | |  1.5

Action                     |  1- 3 |  4- 6 |  7- 9 | 10-12 || total
---------------------------+-------+-------+-------+-------++-------
  Melee: Unarmed           |     5 |       |       |       ||     5
         Staff             |    21 |       |       |       ||    21
         Hand axe          |     2 |       |       |       ||     2
         Spear             |    34 |    48 |       |       ||    82
         Punch             |     1 |       |       |       ||     1
         Halberd           |       |       |    49 |     3 ||    52
   Cast: Foxfire           |    30 |    54 |   133 |    45 ||   262
         Volatile Blastmot |     2 |       |     4 |     1 ||     7
         Scorch            |     1 |    20 |    56 |    29 ||   106
         Frozen Ramparts   |       |       |     1 |       ||     1
         Flame Wave        |       |       |     1 |       ||     1
         Iskenderun's Myst |       |       |     3 |     7 ||    10
    Use: Potion            |       |       |     1 |     1 ||     2
         Scroll            |       |       |    18 |     3 ||    21
   Stab: Sleeping          |       |     3 |     1 |       ||     4
 Armour: Robe              |    13 |     5 |    17 |     2 ||    37
  Dodge: Dodged            |    43 |    28 |    94 |    10 ||   175
